Map: Ulzaan

Players

Throwfordays

  • Race: Terran Terran
  • League: Bronze
  • Spawn Location: 9:00

Cthulhu

  • Race: Terran Terran
  • Spawn Location: 11:00

sTricTLys - Winner!

  • Race: Terran Terran
  • Spawn Location: 3:00

IIIIIIIIIIII - Winner!

  • Race: Zerg Zerg
  • League: Bronze
  • Spawn Location: 1:00

VOD

Have the link to the VOD?

Description

Time

  • Played on: Jan. 27, 2019, 9:56 p.m.
  • Length: 13:26
Show
View Real Time Build Order
Export as new Build Order

Throwfordays Terran 

Build Orders: 2 Factory 

Get SALT Encoding   

  12  0:01  SCV  
  13  0:13  SCV  
  14  0:19  Supply Depot  
  14  0:25  SCV  
  15  0:41  SCV  
  16  0:46  Barracks  
  16  0:53  SCV  
  17  0:59  Refinery  
  17  1:05  SCV  
  18  1:17  SCV  
  19  1:29  SCV  
  20  1:41  SCV, Command Center  
  21  1:50  Barracks Tech Lab  
  21  2:11  Factory  
  21  2:21  Refinery, SCV  
  22  2:33  SCV  
  23  2:39  Supply Depot  
  23  2:54  Orbital Command  
  23  2:57  Factory Reactor  
  23  3:04  Factory  
  23  3:07  Supply Depot  
  23  3:12  SCV  
  24  3:24  SCV  
  24  3:25  Supply Depot  
  25  3:27  SCV  
  26  3:36  SCV  
  26  3:39  SCV  
  28  3:48  SCV  
  28  3:49  Armory, Factory Tech Lab  
  28  3:52  Hellion x2  
  33  4:00  SCV  
  34  4:05  SCV  
  35  4:12  SCV  
  35  4:13  Supply Depot, Hellion x2  
  40  4:17  SCV  
  41  4:24  Starport  
  41  4:29  Infernal Pre-Igniter  
  41  4:48  Terran Vehicle Weapons Level 1  
  41  4:58  Hellion  
  41  4:59  Hellion  
  45  5:04  Starport Reactor  
  46  5:07  SCV  
  46  5:09  Engineering Bay  
  46  5:12  Refinery  
  46  5:15  Refinery  
  46  5:19  SCV  
  46  5:20  Hellion x2  
  51  5:31  SCV  
  54  5:43  SCV  
  54  5:46  Medivac x2  
  59  5:55  SCV, Terran Infantry Weapons Level 1  
  58  6:09  Ghost Academy  
  58  6:17  Sensor Tower  
  58  6:19  SCV  
  58  6:23  Command Center  
  59  6:31  SCV  
  60  6:38  Mag-Field Accelerator  
  60  6:55  Hellion x2  
  60  6:56  Hellion x4  
  40  7:47  Barracks  
  40  7:51  Viking x2, Barracks  
  42  7:53  Terran Vehicle Weapons Level 2  
  44  8:03  SCV  
  46  8:05  SCV  
  46  8:08  Combat Shield  
  46  8:15  SCV  
  46  8:17  SCV  
  46  8:19  Personal Cloaking  
  48  8:21  Viking x2  
  48  8:26  Armory  
  52  8:29  SCV  
  54  8:41  SCV  
  54  8:42  SCV  
  55  8:49  Supply Depot  
  55  8:50  Barracks Reactor x2  
  55  8:51  Viking x2  
  55  8:52  Supply Depot  
  55  8:53  SCV  
  55  8:54  SCV  
  61  9:05  SCV  
  61  9:06  SCV, Smart Servos  
  63  9:17  SCV  
  63  9:18  SCV  
  63  9:21  Viking x2  
  63  9:23  Supply Depot  
  69  9:24  Supply Depot  
  69  9:27  Supply Depot  
  69  9:28  Refinery  
  69  9:29  Refinery, SCV  
  69  9:30  SCV  
  71  9:34  Terran Ship Weapons Level 1  
  71  9:37  Terran Infantry Weapons Level 2  
  71  9:42  SCV x2  
  73  9:54  SCV x2  
  75  10:01  Stimpack  
  75  10:07  SCV  
  77  10:08  Planetary Fortress  
  76  10:19  SCV  
  77  10:25  Drilling Claws  
  77  10:31  SCV  
  78  10:43  SCV  
  79  10:51  SCV  
  81  10:59  Planetary Fortress  
  80  11:08  Command Center  
  80  11:15  Ghost  
  80  11:17  Nuke  
  82  11:39  Medivac x2  
  86  11:43  Ghost  
  88  12:09  Medivac x2  
Show
View Real Time Build Order
Export as new Build Order

Cthulhu Terran 

Build Orders:  

Get SALT Encoding   

  12  0:01  SCV  
  14  0:14  SCV  
  14  0:19  Supply Depot  
  14  0:26  SCV  
  15  0:41  SCV  
  16  0:48  Barracks  
  16  0:53  SCV  
  17  0:58  Refinery  
  17  1:01  Refinery  
  17  1:06  SCV  
  18  1:20  SCV  
  19  1:44  Factory  
  19  1:45  Orbital Command  
  19  1:56  Marine  
  19  2:16  Marine  
  20  2:30  Factory Reactor, Starport  
  20  2:34  Widow Mine  
  20  2:35  SCV  
  23  2:49  Supply Depot  
  23  3:10  Marine, Medivac, Starport  
  23  3:11  Hellion  
  28  3:20  Supply Depot  
  28  3:28  Marine  
  28  3:30  SCV  
  30  3:42  Hellion  
  32  3:49  Starport Tech Lab x2  
  32  4:01  Fusion Core  
  32  4:17  Raven  
  32  4:21  Marine  
  32  4:23  Hellion  
  37  4:25  Supply Depot  
  34  4:39  Marine  
  32  4:58  Raven  
  34  5:02  Hellion  
  36  5:15  Marine  
  37  5:23  Hellion  
  37  5:24  Supply Depot  
  39  5:33  Marine  
  40  5:43  Raven  
  40  5:46  Hellion  
  44  6:06  Starport Tech Lab  
  44  6:11  Corvid Reactor  
  44  6:20  SCV  
  44  6:21  Marine  
  46  6:32  SCV  
  47  6:36  Stimpack, Command Center  
  47  6:38  Marine  
  40  6:58  Marine  
  43  7:01  Hellion  
  43  7:03  Raven  
  45  7:16  Marine  
  48  7:23  Hellion  
  48  7:24  Refinery  
  48  7:43  Engineering Bay  
  48  7:47  Armory  
  48  8:00  Orbital Command  
  48  8:04  Refinery  
  48  8:07  Raven  
  50  8:21  Widow Mine  
  50  8:23  Medivac  
  54  8:42  Widow Mine  
  42  9:20  Raven x2  
  46  9:27  SCV  
  47  9:39  SCV  
  48  9:46  Marine  
  48  9:47  Command Center  
  48  9:51  SCV, Factory Tech Lab  
  50  9:54  Combat Shield  
  50  9:56  Weapon Refit  
  50  9:59  Terran Infantry Armor Level 1  
  50  10:07  SCV  
  51  10:13  Refinery  
  51  10:18  Marine  
  52  10:27  Battlecruiser  
  58  10:48  Sensor Tower  
  64  11:01  Terran Vehicle And Ship Armor Level 1  
  64  11:03  Marine  
  59  11:09  Orbital Command  
  59  11:19  Refinery  
  59  11:21  SCV  
  66  11:25  Battlecruiser  
  66  11:28  Missile Turret  
  66  11:33  SCV  
  67  11:45  Widow Mine  
  67  11:46  Marine  
  70  11:48  Missile Turret  
  70  12:04  Marine  
Show
View Real Time Build Order
Export as new Build Order

sTricTLys Terran - Winner!

Build Orders:  

Get SALT Encoding   

  12  0:03  SCV  
  13  0:23  Supply Depot  
  13  0:25  SCV  
  14  0:38  SCV  
  15  0:49  Barracks  
  15  0:53  SCV  
  16  1:02  Refinery  
  16  1:05  SCV  
  17  1:17  SCV  
  18  1:29  SCV  
  19  1:37  Supply Depot  
  19  1:40  Marine  
  20  1:58  Refinery, Marine  
  20  2:00  SCV  
  22  2:12  SCV, Engineering Bay  
  23  2:49  Supply Depot  
  23  2:55  SCV  
  24  3:03  Factory  
  24  3:07  SCV  
  25  3:14  Supply Depot  
  25  3:19  SCV  
  26  3:23  Marine  
  27  3:40  SCV  
  27  3:41  Marine  
  29  3:42  Command Center  
  29  3:52  Supply Depot  
  29  3:56  Armory  
  29  4:20  Starport  
  29  4:45  Starport  
  29  4:57  Starport  
  29  5:12  Refinery, SCV  
  30  5:24  SCV  
  30  5:25  Liberator  
  34  5:28  Liberator  
  37  5:36  SCV  
  38  5:45  Fusion Core  
  38  5:48  SCV  
  39  6:00  SCV  
  40  6:11  Supply Depot, Liberator  
  40  6:12  SCV  
  44  6:24  SCV  
  45  6:34  Supply Depot  
  45  6:36  SCV  
  46  6:48  SCV  
  43  7:25  Liberator x3  
  52  7:34  Command Center  
  52  7:40  SCV  
  53  7:47  Refinery  
  53  7:52  SCV  
  53  7:55  Weapon Refit  
  53  7:57  Terran Vehicle Weapons Level 1  
  54  8:04  SCV  
  55  8:08  Liberator  
  55  8:12  Starport  
  58  8:16  SCV  
  59  8:28  SCV  
  60  8:40  SCV  
  58  8:50  Starport  
  58  8:52  SCV  
  59  9:04  SCV  
  57  9:16  SCV  
  49  9:57  Starport Tech Lab  
  49  10:01  Starport Tech Lab  
  49  10:13  Starport Tech Lab  
  49  10:18  Supply Depot  
  49  10:19  Starport Tech Lab  
  49  10:20  Starport Tech Lab  
  49  10:30  Missile Turret  
  49  10:38  Battlecruiser x3  
  49  10:42  Supply Depot  
  67  10:49  SCV  
  68  10:51  Sensor Tower  
  68  10:55  Refinery, SCV  
  69  11:01  SCV  
  70  11:07  SCV  
  71  11:19  SCV  
  72  11:28  Supply Depot  
  72  11:32  SCV  
  73  11:44  SCV  
  74  11:51  Supply Depot  
  74  11:56  SCV  
  75  12:08  SCV, Battlecruiser x4  
  100  12:20  SCV  
Show
View Real Time Build Order
Export as new Build Order

IIIIIIIIIIII Zerg - Winner!

Build Orders: 3 Hatch before Pool 

Get SALT Encoding   

  12  0:01  Drone  
  13  0:08  Drone  
  14  0:18  Overlord  
  14  0:36  Drone  
  14  0:38  Drone  
  14  0:41  Drone  
  17  0:58  Drone  
  17  1:04  Hatchery  
  17  1:07  Drone  
  18  1:11  Drone  
  19  1:31  Drone  
  19  1:32  Drone, Hatchery  
  20  1:51  Spawning Pool  
  19  1:55  Drone x2  
  21  2:05  Drone  
  22  2:16  Overlord  
  22  2:23  Drone  
  23  2:38  Queen  
  23  2:40  Drone x4  
  29  2:51  Overlord x3  
  29  2:56  Queen  
  29  2:57  Drone  
  32  3:00  Drone  
  33  3:09  Extractor  
  33  3:12  Drone x4  
  36  3:13  Extractor  
  35  3:22  Queen  
  35  3:25  Drone  
  35  3:26  Drone x2  
  40  3:36  Drone x2  
  40  3:37  Drone  
  43  3:44  Drone x3  
  46  3:56  Evolution Chamber  
  46  3:57  Drone x3, Evolution Chamber  
  46  3:58  Drone x2  
  49  4:09  Drone x3  
  52  4:15  Extractor  
  51  4:19  Extractor  
  51  4:23  Zerg Melee Weapons Level 1, Zerg Ground Armor Level 1  
  50  4:24  Drone x3  
  50  4:25  Drone x3  
  51  4:57  Drone  
  51  4:58  Drone x6  
  58  5:00  Overlord x5  
  58  5:01  Overlord  
  58  5:07  Spore Crawler  
  58  5:11  Spore Crawler  
  56  5:17  Spore Crawler  
  56  5:18  Drone x6  
  56  5:19  Drone  
  62  5:22  Lair  
  62  5:26  Metabolic Boost  
  62  5:45  Drone  
  62  5:46  Drone x11  
  74  5:52  Extractor  
  74  5:55  Extractor  
  72  6:00  Drone x2  
  72  6:01  Drone  
  75  6:18  Drone x6  
  76  6:24  Zerg Melee Weapons Level 2, Zerg Ground Armor Level 2  
  81  6:31  Infestation Pit  
  72  6:40  Drone x11  
  80  7:04  Zergling x2  
  80  7:05  Zergling x14  
  84  7:15  Drone x9  
  73  7:36  Drone x2  
  73  7:37  Drone x4  
  78  7:38  Queen  
  80  7:44  Hive  
  80  7:54  Hatchery  
  79  8:00  Queen  
  81  8:06  Spore Crawler  
  80  8:15  Drone  
  80  8:16  Drone x8  
  80  8:17  Drone x3  
  92  8:27  Overseer x2  
  71  9:03  Ultralisk Cavern  
  63  9:14  Spore Crawler  
  62  9:19  Zerg Ground Armor Level 3, Zerg Melee Weapons Level 3  
  62  9:34  Queen  
  64  9:43  Drone  
  64  9:44  Drone x9  
  74  9:52  Spine Crawler  
  73  9:57  Spore Crawler  
  72  10:00  Spine Crawler  
  72  10:06  Adrenal Glands  
  71  10:07  Chitinous Plating  
  71  10:15  Ultralisk x6  
  71  10:19  Overlord x7  
  71  10:20  Overlord x2  
  107  10:23  Pneumatized Carapace  
  107  10:44  Ultralisk  
  107  10:45  Ultralisk x4  
  137  11:09  Zergling x28  
  151  11:26  Anabolic Synthesis  
  151  11:51  Zergling x14  
  151  11:52  Zergling x18  
  153  12:27  Ultralisk  
  153  12:28  Ultralisk  
  165  12:30  Overlord x4  
  165  12:31  Overlord  
  155  12:50  Zergling x2  
  155  12:51  Zergling x22  
Tags
 
Add a new tag
Caveats
  • Supply blocks, unpowered buildings, or Contaminate may cause inaccurate times.
  • Supply counts are checked every 10 seconds.